 Dungeon Crawl Stone Soup version 0.18.1-48-g4cf74bf (console) character file.

8356 Kloppie the Spear-Bearer (level 11, -7/110 HPs)
             Began as a Minotaur Berserker on June 25, 2016.
             Was a High Priest of Trog.
             Mangled by an eight-headed hydra (13 damage)
             ... on level 1 of the Lair of Beasts.
             The game lasted 00:17:05 (9653 turns).

Kloppie the Spear-Bearer (Minotaur Berserker)       Turns: 9653, Time: 00:17:05

Health: -7/110     AC: 10    Str: 19    XL:     11   Next: 8%
Magic:  10/10      EV: 11    Int:  4    God:    Trog [*****.]
Gold:   771        SH:  0    Dex: 14    Spells: 0 memorised, 10 levels left

rFire  . . .     SeeInvis .     a - +4 trident (pierce)
rCold  + + .     Gourm    .     r - +1 ring mail {rC+}
rNeg   . . .     Faith    .     (no shield)
rPois  .         Spirit   .     (helmet restricted)
rElec  .         Dismiss  .     E - +0 cloak
rCorr  .         Reflect  .     (no gloves)
SustAt .         Harm     .     (no boots)
MR     .....                    (no amulet)
Stlth  +.........               (no ring)
                                F - ring of protection from cold

@: not resistant to hostile enchantments, very unstealthy
A: retaliatory headbutt, horns 2, thin metallic scales 1, blink, weak 1
a: Blink, Berserk, Trog's Hand, Brothers in Arms, Burn Spellbooks, Renounce
Religion


You were on level 1 of the Lair of Beasts.
You worshipped Trog.
Trog was extremely pleased with you.
You were very hungry.

You visited 2 branches of the dungeon, and saw 10 of its levels.

You collected 771 gold pieces.

Inventory:

Hand Weapons
 a - a +4 trident of piercing (weapon)
 K - a +1 trident of piercing
Armour
 r - a +1 ring mail of cold resistance (worn)
 E - a +0 cloak (worn)
Jewellery
 s - an uncursed amulet of dismissal
 F - a ring of protection from cold (left hand)
Wands
 b - a wand of paralysis (12/24)
 m - a wand of digging (13/24)
Scrolls
 h - 4 scrolls of recharging
 i - 6 scrolls of teleportation
 q - 2 scrolls of immolation
 x - 2 scrolls of fog
Potions
 f - 2 potions of heal wounds
 g - 2 potions of flight
 j - a potion of cure mutation
 n - 2 potions of lignification
 o - a potion of haste
 t - 3 potions of agility
 v - 4 potions of curing
 w - 2 potions of magic
Comestibles
 c - 11 bread rations
 d - 6 meat rations
 G - 8 slices of pizza


   Skills:
 + Level 14.1 Fighting
 - Level 14.1 Polearms
 + Level 3.9 Armour
 - Level 2.1 Dodging


You had 10 spell levels left.
You didn't know any spells.

Dungeon Overview and Level Annotations

Branches:
Dungeon (9/15)             Temple (0/1) D:4            Lair (1/8) D:9
    Orc: D:9-12

Altars:
Ashenzari
Fedhas
Gozag
Pakellas
Qazlal
Sif Muna
Trog
Xom

Shops:
D:5 }


Innate Abilities, Weirdness & Mutations

You reflexively headbutt those who attack you in melee.
You have a pair of horns on your head.
You are partially covered in thin metallic scales (AC +2).
You can translocate small distances at will.
You are weak. (Str -2)


Message History

The eight-headed hydra bites you but does no damage. x2
The eight-headed hydra bites you!
* * * LOW HITPOINT WARNING * * *
The eight-headed hydra closely misses you.
You're too hungry to go berserk.
You hit the eight-headed hydra.
The eight-headed hydra is severely wounded.
The eight-headed hydra bites you!
* * * LOW HITPOINT WARNING * * *
The eight-headed hydra bites you.
* * * LOW HITPOINT WARNING * * *
The eight-headed hydra bites you but does no damage.
The eight-headed hydra bites you!
* * * LOW HITPOINT WARNING * * *
The eight-headed hydra bites you!
* * * LOW HITPOINT WARNING * * *
The eight-headed hydra bites you.
* * * LOW HITPOINT WARNING * * *
The eight-headed hydra bites you!
You die...

........##....#....###.#..####
....##.#.##........#......>..#
.......#..##.#..#...#........#
......##P÷.######............#
......####.## #.>.#........##
...#### #...#####...#.........#
#### ##.....##.#.#........# #
######...................##
#####P.......#..@D............#
#.#...........##.............##
#............##.#...........##
.............####...........#
.............## P.........###
..............# #........##
..............# #.......#
.............## ##.......#
..............# #P......#


You could see an eight-headed hydra.

Vanquished Creatures
  The ghost of cutebanana the Digger, a novice GrEE of Vehumet (D:6)
  The ghost of nobody the Skirmisher, a novice MiMo (D:5)
  4 spiny frogs (Lair:1)
  A gargoyle (D:9)
  A komodo dragon (Lair:1)
  The ghost of schammes the Bolt Thrower, an amateur OgHu (D:3)
  Grinder (D:3)
  Sigmund (D:2)
  A basilisk (Lair:1)
  6 yaks (Lair:1)
  A hippogriff (Lair:1)
  A porcupine (Lair:1)
  3 sky beasts
  3 orc warriors
  A phantom (D:8)
  An ice beast (D:8)
  A black bear (Lair:1)
  3 ogres
  2 crocodiles
  3 centaurs
  2 big kobolds (D:9)
  A gnoll sergeant (D:9)
  6 giant frogs
  2 scorpions
  A water moccasin skeleton (D:7)
  5 killer bees (D:8)
  5 howler monkeys
  3 crimson imps
  A centaur zombie (D:7)
  7 hounds
  An orc priest (D:9)
  A giant frog zombie (D:5)
  A gnoll shaman (D:6)
  A giant frog skeleton (D:8)
  Terence (D:2)
  7 iguanas
  Ijyb (D:2)
  6 orc wizards
  9 worker ants
  A killer bee zombie (D:9)
  A hound zombie (D:8)
  2 hound skeletons
  3 worker ant zombies
  10 gnolls
  10 adders
  2 shadow imps (D:5)
  2 oozes
  An adder skeleton (D:9)
  3 dart slugs
  3 worms
  2 giant geckos
  17 orcs
  4 ball pythons
  7 giant cockroaches
  11 goblins
  18 hobgoblins
  23 jackals
  16 kobolds
  8 quokkas
  4 bats
  7 giant newts
  A jackal skeleton (D:5)
  14 rats
268 creatures vanquished.

Vanquished Creatures (others)
  An orc wizard (D:9)
  A howler monkey skeleton (D:8)
  A fungus (Lair:1)
3 creatures vanquished.

Grand Total: 271 creatures vanquished

Notes
Turn   | Place    | Note
--------------------------------------------------------------
     0 | D:1      | Kloppie the Minotaur Berserker began the quest for the Orb.
     0 | D:1      | Reached XP level 1. HP: 19/19 MP: 0/0
    75 | D:1      | Reached XP level 2. HP: 19/27 MP: 1/1
   447 | D:2      | Reached ** piety under Trog
   455 | D:2      | Reached XP level 3. HP: 32/33 MP: 2/2
   746 | D:2      | You fall through a shaft for 2 floors!
   861 | D:4      | Reached skill level 5 in Polearms
   861 | D:4      | Reached XP level 4. HP: 36/41 MP: 3/3
   863 | D:4      | Found a staircase to the Ecumenical Temple.
   885 | D:3      | Noticed schammes's ghost (amateur OgHu)
   897 | D:3      | Noticed Sigmund
   897 | D:3      | Noticed Grinder
   914 | D:3      | Reached skill level 5 in Fighting
  1518 | D:2      | Found a blossoming altar of Fedhas.
  1554 | D:2      | Reached XP level 5. HP: 42/48 MP: 4/4
  1555 | D:2      | Noticed Terence
  1564 | D:2      | Killed Terence
  1576 | D:2      | Reached *** piety under Trog
  1580 | D:2      | Found a faded altar to an unknown god.
  1652 | D:2      | Noticed Ijyb
  1657 | D:2      | Killed Ijyb
  2319 | D:2      | Killed Sigmund
  2319 | D:2      | Reached XP level 6. HP: 53/58 MP: 5/5
  2368 | D:3      | Killed schammes's ghost
  2368 | D:3      | Reached XP level 7. HP: 66/66 MP: 6/6
  2558 | D:3      | Killed Grinder
  2866 | D:3      | Reached **** piety under Trog
  3102 | D:4      | Noticed a moth of wrath
  3123 | D:4      | Found a bloodstained altar of Trog.
  3671 | D:5      | Entered Level 5 of the Dungeon
  3831 | D:5      | Reached XP level 8. HP: 69/75 MP: 7/7
  3878 | D:5      | Noticed nobody's ghost (novice MiMo)
  3901 | D:5      | Killed nobody's ghost
  3917 | D:5      | Found a stormy altar of Qazlal.
  4338 | D:5      | Found a shattered altar of Ashenzari.
  4370 | D:5      | Reached skill level 10 in Polearms
  4404 | D:5      | Found an oddly glowing altar of Pakellas.
  4437 | D:5      | Reached skill level 10 in Fighting
  4618 | D:5      | Found Ecraih's Gadget Shop.
  4964 | D:6      | Found a deep blue altar of Sif Muna.
  5191 | D:6      | Noticed cutebanana's ghost (novice GrEE)
  5203 | D:6      | Killed cutebanana's ghost
  5203 | D:6      | Reached XP level 9. HP: 86/86 MP: 8/8
  6969 | D:8      | Found a shimmering altar of Xom.
  7397 | D:9      | Found an opulent altar of Gozag.
  7518 | D:9      | Reached XP level 10. HP: 69/97 MP: 9/9
  7990 | D:9      | Found a staircase to the Lair.
  8005 | D:9      | Found an oddly glowing altar of Pakellas.
  8406 | D:9      | Reached ***** piety under Trog
  8409 | D:9      | Noticed a gargoyle
  8422 | D:9      | Killed a gargoyle
  8720 | Lair:1   | Entered Level 1 of the Lair of Beasts
  8720 | Lair:1   | Noticed a spiny frog
  8728 | Lair:1   | Killed a spiny frog
  8768 | Lair:1   | Gained mutation: You are weak. (Str -2) [potion of mutation]
  8768 | Lair:1   | Gained mutation: You tend to lose your temper in combat. [potion of mutation]
  8768 | Lair:1   | Gained mutation: You are partially covered in thin metallic scales (AC +2). [potion of mutation]
  8769 | Lair:1   | Gained mutation: You can translocate small distances at will. [potion of mutation]
  8769 | Lair:1   | Gained mutation: Your system is resistant to poisons. [potion of mutation]
  8769 | Lair:1   | Gained mutation: You are very weak. (Str -4) [potion of mutation]
  8770 | Lair:1   | Lost mutation: You tend to lose your temper in combat. [potion of cure mutation]
  8770 | Lair:1   | Lost mutation: You are very weak. (Str -4) [potion of cure mutation]
  8770 | Lair:1   | Lost mutation: Your system is resistant to poisons. [potion of cure mutation]
  8796 | Lair:1   | Noticed a spiny frog
  8803 | Lair:1   | Killed a spiny frog
  9060 | Lair:1   | Noticed a spiny frog
  9066 | Lair:1   | Killed a spiny frog
  9071 | Lair:1   | Reached XP level 11. HP: 68/110 MP: 10/10
  9644 | Lair:1   | Noticed an eight-headed hydra
  9653 | Lair:1   | Mangled by an eight-headed hydra

Skill      XL: |  1  2  3  4  5  6  7  8  9 10 |
---------------+-------------------------------+-----
Fighting       | 4 5 6 7 8 10 12 14 | 14.1
Polearms       | 4 5 6 7 8 10 12 14 | 14.1
Armour         | 3 |  3.9
Dodging        | |  2.1

Action                   |  1- 3 |  4- 6 |  7- 9 | 10-12 || total
-------------------------+-------+-------+-------+-------++-------
Melee: Spear             |    64 |    40 |       |       ||   104
       Headbutt          |     8 |    20 |    67 |    61 ||   156
       Trident           |       |   110 |   413 |   233 ||   756
Invok: Trog's Hand       |       |     2 |     8 |     3 ||    13
       Berserk           |       |     1 |     3 |     1 ||     5
Evoke: Wand              |       |       |       |     1 ||     1
  Use: Scroll            |       |       |    21 |     9 ||    30
       Potion            |       |       |       |     6 ||     6
 Stab: Sleeping          |     3 |     1 |       |       ||     4
  Eat: Chunk             |       |     5 |    19 |     6 ||    30
       Royal jelly       |       |       |     1 |       ||     1
       Pizza             |       |       |       |     1 ||     1
Armor: Animal skin       |     6 |     8 |       |       ||    14
       Leather armour    |       |    17 |    17 |       ||    34
       Ring mail         |       |       |    41 |    50 ||    91
Dodge: Dodged            |    21 |    75 |   134 |    72 ||   302
